 Dungeon Crawl Stone Soup version 0.30.0-3-ga4e48a9924 (webtiles) character file.

Game seed: 9787960709100992552

68 monsoonserge the Sneak (level 4, -3/21 HPs)
             Began as a Spriggan Enchanter on May 8, 2023.
             Killed from afar by Natasha (6 damage)
             ... with a magic dart
             ... on level 2 of the Dungeon.
             The game lasted 00:05:17 (1299 turns).

monsoonserge the Sneak (Spriggan Enchanter)         Turns: 1299, Time: 00:05:19

Health: -3/21      AC:  3    Str:  4    XL:     4   Next: 1%
Magic:  4/9        EV: 22    Int: 18    God:
Gold:   82         SH:  0    Dex: 15    Spells: 4/9 levels left

rFire   . . .        a - +1 dagger
rCold   . . .        (no shield)
rNeg    . . .        b - +0 robe
rPois   .            (helmet restricted)
rElec   .            l - +0 cloak
rCorr   .            (gloves unavailable)
SInv    +            (boots unavailable)
Will    .....        g - amulet of magic regeneration
Stlth   +++          e - +5 ring of evasion
HPRegen 0.23/turn    (no ring)
MPRegen 0.51/turn

%: no passive effects
@: very slightly contaminated, very quick
A: very small, no large weapons, unfitting armour, see invisible, speed 3
a: no special abilities


You were on level 2 of the Dungeon.
You visited 1 branch of the dungeon, and saw 2 of its levels.

You collected 82 gold pieces.

Inventory:

Hand Weapons
 a - a +1 dagger (weapon)
Missiles
 d - 13 stones (quivered)
Armour
 b - a +0 robe (worn)
 l - a +0 cloak (worn)
Jewellery
 e - a +5 ring of evasion (left hand)
 g - an amulet of magic regeneration (around neck)
Wands
 m - a wand of polymorph (6)
Scrolls
 h - a scroll of identify {unknown}
 i - a scroll of vulnerability {unknown}
 j - a scroll of blinking {unknown}
 k - a scroll of fog {unknown}
Potions
 c - 2 potions of invisibility
 f - 3 potions of lignification {unknown}


   Skills:
 + Level 1.6 Short Blades
 + Level 3.3 Dodging
 + Level 5.8 Stealth
 - Level 3.0 Spellcasting
 + Level 4.0 Hexes
 * Level 0.8 Ice Magic


You had 4 spell levels left.
You knew the following spells:

 Your Spells              Type           Power      Damage    Failure   Level
a - Ensorcelled Hibernat  Hex/Ice        22%        N/A       9%          2
b - Confusing Touch       Hex            17%        N/A       9%          3

Your spell library contained the following spells:

 Spells                   Type           Power      Damage    Failure   Level
 Tukima's Dance           Hex            17%        N/A       9%          3
 Foxfire                  Conj/Fire      8%         2x1d4     16%         1
 Dazzling Flash           Conj/Hex       20%        N/A       22%         3
 Static Discharge         Conj/Air       4%         2-3/arc   24%         2
 Airstrike                Air            1%         2d(1-17)  85%         4
 Summon Lightning Spire   Summ/Air       2%         N/A       85%         4
 Fireball                 Conj/Fire      1%         3d3       99%         5
 Plasma Beam              Fire/Air       1%         2x1d12    100%        6
 Starburst                Conj/Fire      1%         6d3       100%        6


Dungeon Overview and Level Annotations

Branches:
Dungeon (2/15)

Altars:

Annotations:
D:2 Natasha


Innate Abilities, Weirdness & Mutations

You are very small and have problems with some larger weapons.
You are too small for most types of armour.
You have supernaturally acute eyesight. (SInv)
You cover ground extremely quickly. (Speed+++)


Message History

The worm looks drowsy...
The helpless worm fails to defend itself.
You impale the worm!!
You kill the worm!
You have reached level 4!
As you close the door, it creaks loudly!
You start resting.
Magic restored.
You open the door.
There is an open door here.
Natasha hisses angrily.
Natasha zaps a wand.
The puff of flame misses you. Natasha casts a spell at you.
The magic dart hits you.
Casting: Ensorcelled Hibernation (safe; 9% risk of failure)
Confirm with . or Enter, or press ? or * to list all spells.
Aiming: Ensorcelled Hibernation (safe; 9% risk of failure)
Press: ? - help, Shift-Dir - straight line, f - Natasha
Aim: Natasha, carrying a wand of flame (18) (chance to affect: 45%) Natasha resists with some effort.
Natasha stares at you and mumbles some strange words.
The magic dart hits you!
Casting: Ensorcelled Hibernation (safe; 9% risk of failure)
Confirm with . or Enter, or press ? or * to list all spells.
Aiming: Ensorcelled Hibernation (safe; 9% risk of failure)
Press: ? - help, Shift-Dir - straight line, f/p - Natasha
Aim: Natasha, carrying a wand of flame (18) (chance to affect: 45%)
You miscast Ensorcelled Hibernation.
You are very lightly contaminated with residual magic.
Nothing appears to happen.
Natasha zaps a wand.
The puff of flame hits you!
* * * LOW HITPOINT WARNING * * *
Casting: Ensorcelled Hibernation (safe; 9% risk of failure)
Confirm with . or Enter, or press ? or * to list all spells.
Aiming: Ensorcelled Hibernation (safe; 9% risk of failure)
Press: ? - help, Shift-Dir - straight line, f/p - Natasha
Aim: Natasha, carrying a wand of flame (17) (chance to affect: 45%)
You miscast Ensorcelled Hibernation.
Nothing appears to happen.
Natasha casts a spell at you. The magic dart hits you.
You die...

. #.# ###.# #...# ###'###
#...... ########+###
#...... #..........#
#...... #..........#
####... #..h@.)....# #...
#..........# #...
#..........#######...
...............#.........
.......#####'###.........
..........##.# #.†.......
..........##.# #.........
.........##.# #.........
........##'#######'#.#.


You could see Natasha.

Vanquished Creatures
  Robin (D:2)
  3 adders (D:2)
  A worm (D:2)
  3 dart slugs
  3 endoplasms
  3 goblins (D:1)
  2 hobgoblins (D:1)
  A quokka (D:1)
  2 ball pythons
  3 bats
  2 frilled lizards (D:1)
  A rat (D:1)
25 creatures vanquished.

Notes
Turn   | Place    | Note
-------+----------+-------------------------------------------
     0 | D:1      | monsoonserge the Spriggan Enchanter began the quest for the
                  | Orb.
     0 | D:1      | Reached XP level 1. HP: 9/9 MP: 5/5
   348 | D:1      | Reached XP level 2. HP: 13/13 MP: 7/7
   356 | D:1      | Learned a level 2 spell: Ensorcelled Hibernation
   736 | D:1      | Reached skill level 5 in Stealth
   933 | D:2      | Noticed Robin
  1062 | D:2      | Reached XP level 3. HP: 16/16 MP: 8/8
  1066 | D:2      | Learned a level 3 spell: Confusing Touch
  1229 | D:2      | Killed Robin
  1274 | D:2      | Noticed Natasha
  1280 | D:2      | Reached XP level 4. HP: 21/21 MP: 4/9
  1299 | D:2      | Killed from afar by Natasha

Illustrated notes

Levels and vault maps discovered:
D:1:      onia_arrival_pyramid, layout_loops_corners
D:2:      layout_basic, kennysheep_minor_cross, uniq_robin, uniq_natasha

Skill      XL: |  1  2 |
---------------+-------+-----
Spellcasting   | 3 |  3.0
Dodging        | 3 |  3.3
Stealth        | 5 |  5.8
Hexes          | 4 |  4.0
Short Blades   | |  1.6
Ice Magic      | |  0.8

Action                     |  1- 3 |  4- 6 || total
---------------------------+-------+-------++-------
  Melee: Dagger            |    53 |       ||    53
         Punch             |     1 |       ||     1
   Cast: Ensorcelled Hiber |    13 |     1 ||    14
   Stab: Sleeping          |    15 |       ||    15
 Armour: Robe              |     4 |       ||     4
  Dodge: Dodged            |    42 |     1 ||    43
